 Dungeon Crawl Stone Soup version 0.26-a0-597-gb535b0901c (webtiles) character file.

Game seed: 5191001535050349412

261 Alarkh the Twirler (level 5, -3/38 HPs)
             Began as a Demonspawn Gladiator on Sept 10, 2020.
             Slain by an ogre
             ... wielding a +0 giant club
              (22 damage)
             ... on level 4 of the Dungeon.
             The game lasted 00:03:03 (3110 turns).

Alarkh the Twirler (Demonspawn Gladiator)           Turns: 3110, Time: 00:03:04

Health: -3/38      AC:  4    Str: 14    XL:     5   Next: 96%
Magic:  0/5        EV: 12    Int: 11    God:
Gold:   151        SH:  0    Dex: 14    Spells: 4/4 levels left

rFire    . . .     SeeInvis .   a - +0 quarterstaff
rCold    . . .     Faith    +   (shield currently unavailable)
rNeg     . . .     Spirit   +   b - +0 leather armour
rPois    .         Reflect  .   c - +0 helmet
rElec    .         Harm     .   (no cloak)
rCorr    .                      (no gloves)
MR       .....                  (no boots)
Stlth    +.........             u - amulet of faith
HPRegen  0.12/turn              (no ring)
MPRegen  0.09/turn              (no ring)

@: no status effects
A: powered by death 2, magic shield
a: no special abilities


You were on level 4 of the Dungeon.
You visited 1 branch of the dungeon, and saw 4 of its levels.

You collected 151 gold pieces.

Inventory:

Hand Weapons
 a - a +0 quarterstaff (weapon)
Missiles
 d - 4 throwing nets (quivered)
Armour
 b - a +0 leather armour (worn)
 c - a +0 helmet (worn)
Jewellery
 m - an uncursed ring of fire
 u - an amulet of faith (around neck)
Wands
 r - a wand of disintegration (9)
Scrolls
 f - 7 scrolls of teleportation {unknown}
 h - a scroll of enchant weapon {unknown}
 i - 3 scrolls of identify {unknown}
 n - a scroll of immolation {unknown}
 o - a scroll of remove curse {unknown}
 q - a scroll of random uselessness {unknown}
 s - 2 scrolls of fear {unknown}
Potions
 e - 2 potions of flight {unknown}
 g - a potion of might {unknown}
 j - 5 potions of curing
 k - 2 potions of stabbing {unknown}
 l - 2 potions of haste {unknown}
 p - a potion of lignification {unknown}
 t - a potion of magic {unknown}


   Skills:
 - Level 2.0 Fighting
 + Level 6.1 Staves
 - Level 2.0 Throwing
 - Level 2.6 Dodging


You had 4 spell levels left.
You didn't know any spells.
Your spell library was empty.

Dungeon Overview and Level Annotations

Branches:
Dungeon (4/15)
 Temple: D:4-7

Altars:

Annotations:
D:3 3 runed translucent doors, p0werm0de's ghost, amateur MiFi


Innate Abilities, Weirdness & Mutations

You regenerate health from kills.
When hurt, damage is shared between your health and your magic reserves.


Message History

You are too injured to fight recklessly!
You are too injured to fight recklessly!
You are too injured to fight recklessly!
You are too injured to fight recklessly!
You are too injured to fight recklessly!
You are too injured to fight recklessly!
You are too injured to fight recklessly!
You are too injured to fight recklessly!
You are too injured to fight recklessly!
You are too injured to fight recklessly!
You hit the ogre.
The ogre is severely wounded.
You barely miss the ogre.
The ogre is severely wounded.
The ogre barely misses you.
You hit the ogre.
The ogre is severely wounded.
The ogre hits you with a +0 giant club!!
Ouch! That really hurt!
You die...

## .### ..# #O#
#@###############
#...............#
###############.#
### #.# ..# #.#
#.# #.# #.# #.#
#.######.# ##
#.#......#


You could see an ogre.

Vanquished Creatures
  A bullfrog (D:2)
  Ijyb (D:3)
  Terence (D:3)
  A worker ant (D:3)
  2 adders
  5 worms
  A dart slug (D:2)
  2 leopard geckos (D:1)
  9 orcs
  7 bats
  A giant cockroach (D:2)
  11 goblins
  12 hobgoblins
  8 jackals
  5 kobolds
  A quokka (D:2)
  3 ball pythons
  4 frilled lizards
  8 rats
83 creatures vanquished.

Notes
Turn   | Place    | Note
-------+----------+-------------------------------------------
     0 | D:1      | Alarkh the Demonspawn Gladiator began the quest for the
                  | Orb.
     0 | D:1      | Reached XP level 1. HP: 16/16 MP: 1/1
   220 | D:1      | Reached skill level 3 in Staves
   466 | D:1      | Gained mutation: You regenerate a little health from kills.
                  | [demonic ancestry]
   466 | D:1      | Reached XP level 2. HP: 17/22 MP: 2/2
   829 | D:1      | Gained mutation: When hurt, damage is shared between your
                  | health and your magic reserves. [demonic ancestry]
   829 | D:1      | Reached XP level 3. HP: 27/27 MP: 3/3
  1185 | D:2      | Reached skill level 4 in Staves
  1861 | D:2      | Noticed a bullfrog
  1867 | D:2      | Killed a bullfrog
  1867 | D:2      | Reached skill level 5 in Staves
  1867 | D:2      | Reached XP level 4. HP: 19/33 MP: 2/4
  2312 | D:3      | Gained mutation: You regenerate health from kills. [demonic
                  | ancestry]
  2312 | D:3      | Reached XP level 5. HP: 38/38 MP: 5/5
  2317 | D:3      | Noticed Ijyb
  2333 | D:3      | Killed Ijyb
  2390 | D:3      | Found a runed translucent gate.
  2391 | D:3      | Found a runed translucent gate.
  2392 | D:3      | Found a runed translucent gate.
  2393 | D:3      | Noticed p0werm0de's ghost (amateur MiFi)
  2645 | D:3      | Noticed Terence
  2659 | D:3      | Killed Terence
  2659 | D:3      | Reached skill level 6 in Staves
  3102 | D:4      | Noticed an ogre
  3110 | D:4      | Slain by an ogre

Illustrated notes

Levels and vault maps discovered:
D:1:      dpeg_arrival_yet_another_circle, layout_rooms, serial_park_tiny_1,
          supply_closet_lemuel, hangedman_decor_clover_reticule
D:2:      layout_basic
D:3:      layout_loops_ring, gammafunk_ghost_necromancy, uniq_ijyb, uniq_terence
D:4:      layout_basic

Skill      XL: |  1  2  3  4  5 |
---------------+----------------+-----
Staves         | 3 5 6 |  6.1
Throwing       | 2 |  2.0
Fighting       | |  2.0
Dodging        | |  2.6

Action                   |  1- 3 |  4- 6 || total
-------------------------+-------+-------++-------
Melee: Quarterstaff      |   146 |   132 ||   278
  Use: Potion            |       |     1 ||     1
Armor: Leather armour    |    36 |    28 ||    64
Dodge: Dodged            |    91 |    83 ||   174

Table legend: (Time is in decaauts)
 A = Elapsed time spent in this place.
 B = Non-inter-level travel time spent in this place.
 C = Inter-level travel time spent in this place.
 D = Time resting spent in this place.
 E = Time spent auto-exploring this place.
 F = Levels seen in this place.
 G = Mean time per level.
                   A        B        C        D        E       F      G
               +--------+--------+--------+--------+--------+-----+--------+
         Total |   3128 |   3073 |     55 |    697 |   1812 |   4 |  782.0 |
       Dungeon |   3128 |   3073 |     55 |    697 |   1812 |   4 |  782.0 |
               +--------+--------+--------+--------+--------+-----+--------+

Top non-repeatable levels by time:
     D:1: 1190 daAuts
     D:2: 1111 daAuts
     D:3: 778 daAuts
     D:4: 47 daAuts
